Map: Cerulean Fall LE

Players

hibiki - Winner!

  • Race: Zerg Zerg
  • Spawn Location: 1:00

A.I. 1 (Elite)

  • Race: Zerg Zerg
  • Spawn Location: 7:00

VOD

Have the link to the VOD?

Description

Time

  • Played on: Dec. 27, 2018, 5:16 a.m.
  • Length: 4:27
Show
View Real Time Build Order
Export as new Build Order

hibiki Zerg - Winner!

Build Orders: Pool First, Zergling Baneling 

Get SALT Encoding   

  12  0:01  Drone  
  13  0:12  Overlord  
  13  0:17  Drone  
  14  0:31  Drone  
  14  0:32  Drone  
  14  0:35  Drone  
  17  0:46  Spawning Pool  
  17  0:47  Extractor  
  15  0:50  Drone  
  15  0:57  Drone  
  17  1:17  Hatchery  
  16  1:20  Drone  
  16  1:24  Drone  
  18  1:31  Overlord  
  18  1:42  Queen  
  18  1:46  Zergling x2  
  21  1:51  Zergling x2  
  22  2:03  Zergling x2  
  22  2:06  Metabolic Boost  
  23  2:16  Zergling x2  
  23  2:20  Queen  
  26  2:25  Baneling Nest  
  26  2:27  Zergling x2  
  26  2:30  Zergling x2  
  26  2:33  Zergling x2  
  28  2:41  Zergling x2  
  28  2:43  Zergling x2  
  30  2:50  Overlord  
  30  2:54  Zergling x2  
  31  3:01  Zergling x4  
  31  3:04  Zergling x2  
  34  3:06  Zergling x2  
  34  3:10  Baneling x2  
  34  3:12  Baneling  
  35  3:14  Baneling  
  35  3:19  Zergling x2  
  36  3:25  Zergling x4  
  38  3:31  Zergling x2  
  38  3:47  Zergling x10  
  41  3:51  Zergling x2  
  40  4:02  Baneling x4  
  40  4:06  Zergling x4  
Show
View Real Time Build Order
Export as new Build Order

A.I. 1 (Elite) Zerg 

Build Orders: Pool First 

Get SALT Encoding   

  12  0:00  Drone  
  13  0:12  Overlord  
  13  0:17  Drone  
  14  0:30  Drone x2  
  16  0:42  Spawning Pool  
  16  0:45  Drone  
  16  0:49  Drone  
  17  1:12  Hatchery  
  17  1:14  Drone  
  17  1:17  Extractor  
  16  1:19  Drone  
  16  1:23  Drone  
  18  1:27  Drone  
  19  1:38  Overlord  
  19  1:49  Drone  
  19  1:50  Queen  
  22  2:00  Zergling x2  
  23  2:10  Drone  
  24  2:21  Drone  
  25  2:26  Roach Warren, Queen  
  26  2:31  Drone  
  26  2:34  Extractor  
  27  2:37  Drone  
  27  2:43  Overlord  
  27  2:47  Drone  
  27  2:50  Drone  
  29  2:53  Drone  
  29  2:57  Drone  
  31  2:59  Drone  
  31  3:03  Zergling x2  
  33  3:06  Zergling x2  
  33  3:10  Roach  
  36  3:15  Roach  
  36  3:19  Roach  
  40  3:22  Roach  
  40  3:27  Drone  
  43  3:29  Drone  
  43  3:32  Overlord  
  43  3:38  Zergling x2  
  38  3:49  Zergling x2  
  38  3:53  Zergling x2  
  12  4:14  Drone  
Tags
 
Add a new tag
Caveats
  • Supply blocks, unpowered buildings, or Contaminate may cause inaccurate times.
  • Supply counts are checked every 10 seconds.